 Dungeon Crawl Stone Soup version 0.18.1-48-g4cf74bf (webtiles) character file.

1173 Joat the Digger (level 8, -5/51 HPs)
             Began as an Octopode Earth Elementalist on Aug 27, 2016.
             Was a Follower of Sif Muna.
             Slain by a river rat (8 damage)
             ... in a sewer.
             The game lasted 00:25:33 (4946 turns).

Joat the Digger (Octopode Earth Elementalist)       Turns: 4946, Time: 00:25:36

Health: -5/51      AC:  1    Str:  8    XL:     8   Next: 41%
Magic:  11/15      EV: 11    Int: 19    God:    Sif Muna [*.....]
Gold:   292        SH:  0    Dex: 12    Spells: 2 memorised, 12 levels left

rFire  . . .     SeeInvis +     a - 5 stones
rCold  . . .     Gourm    .     (no shield)
rNeg   . . .     Faith    .     (helmet restricted)
rPois  .         Spirit   .     (no amulet)
rElec  .         Dismiss  .     g - ring of see invisible
rCorr  .         Reflect  .     (no ring)
SustAt .         Harm     .     (no ring)
MR     .....                    (no ring)
Stlth  +++.......               (no ring)
                                (no ring)
                                (no ring)
                                (no ring)

@: constricted, not resistant to hostile enchantments, fairly stealthy
A: almost no armour, amphibious, 8 rings, constrict 8, camouflage 1, gelatinous
body 1
a: Channel Energy, Renounce Religion


You were in a sewer.
You worshipped Sif Muna.
Sif Muna was aware of your devotion.
You were not hungry.

You visited 1 branch of the dungeon, and saw 6 of its levels.
You also visited: Sewer.

You collected 292 gold pieces.

Inventory:

Hand Weapons
 f - a +0 dagger
 s - a +3 spear
Missiles
 a - 5 stones (in tentacle)
Jewellery
 g - a ring of see invisible (left tentacle)
Scrolls
 d - a scroll of noise
 e - 7 scrolls of identify
 x - 2 scrolls of magic mapping
Potions
 h - a potion of cure mutation
 i - a potion of brilliance {unknown}
 j - a potion of haste
 k - 4 potions of heal wounds
 l - 2 potions of flight {unknown}
 p - a potion of cancellation {unknown}
 r - a potion of resistance {unknown}
 v - a potion of magic
 z - 2 potions of curing {unknown}
 B - a potion of ambrosia {unknown}
Books
 b - a book of Geomancy

   Spells                             Type                      Level
   a - Sandblast                      Earth                        1
   b - Passwall                       Transmutation/Earth          2
   c - Stone Arrow                    Conjuration/Earth            3
   d - Petrify                        Transmutation/Earth          4
   e - Lee's Rapid Deconstruction     Earth                        5
Comestibles
 c - 6 bread rations
 m - 5 chunks of flesh
 o - a slice of pizza
 q - 6 meat rations


   Skills:
 - Level 2.3 Fighting
 + Level 5.0 Dodging
 - Level 3.0 Stealth
 + Level 4.7 Spellcasting
 * Level 3.8 Conjurations
   Level 1.0 Transmutations
 + Level 5.8 Earth Magic


You had 12 spell levels left.
You knew the following spells:

 Your Spells              Type           Power        Failure   Level  Hunger
a - Sandblast             Erth           ####..       1%          1    None
z - Stone Arrow           Conj/Erth      ###...       6%          3    ##.....


Dungeon Overview and Level Annotations

Branches:
Dungeon (6/15)             Temple (0/1) D:4

Altars:
Cheibriados
Elyvilon
Pakellas
Ru
Sif Muna
Vehumet
Xom
Yredelemnul

Annotations:
Sewer Xelenos's ghost, amateur HuFi


Innate Abilities, Weirdness & Mutations

You cannot wear most types of armour.
You are amphibious.
You can wear up to eight rings at the same time.
You can use your tentacles to constrict eight enemies at once.
Your skin changes colour to match your surroundings (Stealth).
Your rubbery body absorbs attacks (AC +1).


Message History

Aiming: Sandblast
Press: ? - help, Shift-Dir - straight line, f/p - Xelenos's ghost
Aim: Xelenos's ghost (heavily damaged)
The rocky blast hits Xelenos's ghost.
Xelenos's ghost is heavily damaged.
Xelenos's ghost barely misses you. The ball python bites you.
The ball python constricts you. The river rat bites you!
Casting: Sandblast
Confirm with . or Enter, or press ? or * to list all spells.
Aiming: Sandblast
Press: ? - help, Shift-Dir - straight line, f/p - Xelenos's ghost
Aim: Xelenos's ghost (heavily damaged)
The rocky blast hits Xelenos's ghost.
Xelenos's ghost is heavily damaged.
The ball python bites you.
* * * LOW HITPOINT WARNING * * *
The ball python constricts you. Xelenos's ghost hits you!
* * * LOW HITPOINT WARNING * * *
The river rat bites you!
You die...

##+###≈≈≈≈≈≈#
##..≈≈≈≈≈≈≈≈≈≈≈
#...≈≈≈≈≈≈≈≈≈≈≈.
#...≈≈≈≈≈≈≈≈≈≈≈.
##...≈≈≈≈≈≈≈≈≈≈.
#....≈≈≈≈≈≈≈≈≈..
#....≈≈≈≈≈≈≈≈#
#†@W.≈≈≈≈≈≈≈≈#
##Sr..≈†≈≈≈≈≈#
#....††≈÷≈≈##
##...≈≈≈≈≈≈#.
####...≈≈≈≈≈≈r...
#∩###..≈≈≈≈≈≈≈....
#.###..≈≈≈≈≈≈≈..r#
#..#...≈≈≈≈≈≈≈.###
##.....≈≈≈≈rr≈.#


You could see Xelenos's ghost, a river rat and a ball python.

Vanquished Creatures
  Sigmund (D:2)
  Purgy (D:3)
  An ice beast (D:6)
  A sky beast (D:6)
  2 ogres
  A giant frog (D:5)
  A scorpion (D:4)
  A crimson imp (D:5)
  2 hounds
  An orc wizard (D:4)
  An orc priest (D:3)
  An iguana (D:3)
  2 worker ants (D:4)
  A hound skeleton (D:5)
  4 gnolls (D:5)
  6 adders
  A river rat (Sewer)
  2 adder skeletons
  3 worms
  5 dart slugs
  5 giant geckos
  8 orcs
  3 ball pythons
  3 bats
  4 giant cockroaches
  2 goblins (D:1)
  6 hobgoblins
  7 jackals
  2 quokkas
  A giant newt (D:1)
  7 kobolds
  A quokka skeleton (D:4)
  11 rats
98 creatures vanquished.

Notes
Turn   | Place    | Note
--------------------------------------------------------------
     0 | D:1      | Joat the Octopode Earth Elementalist began the quest for the Orb.
     0 | D:1      | Reached XP level 1. HP: 11/11 MP: 3/3
   188 | D:1      | Reached XP level 2. HP: 14/17 MP: 5/5
   541 | D:1      | Reached XP level 3. HP: 21/21 MP: 4/6
  1031 | D:2      | Found a snail-covered altar of Cheibriados.
  1171 | D:2      | Reached XP level 4. HP: 27/27 MP: 5/7
  1193 | D:2      | Learned a level 3 spell: Stone Arrow
  1262 | D:2      | Noticed Sigmund
  1511 | D:2      | Killed Sigmund
  1511 | D:2      | Reached skill level 1 in Conjurations
  1511 | D:2      | Reached XP level 5. HP: 19/31 MP: 0/9
  1511 | D:2      | Reached XP level 6. HP: 22/36 MP: 0/10
  1850 | D:3      | Found a basalt altar of Yredelemnul.
  1999 | D:3      | Found a deep blue altar of Sif Muna.
  2002 | D:3      | Became a worshipper of Sif Muna the Loreminder
  2103 | D:3      | Noticed Purgy
  2121 | D:3      | Killed Purgy
  2398 | D:3      | Reached skill level 5 in Earth Magic
  2792 | D:4      | Found a white marble altar of Elyvilon.
  2793 | D:4      | Found a radiant altar of Vehumet.
  2821 | D:4      | Reached XP level 7. HP: 42/42 MP: 9/12
  2962 | D:4      | Reached skill level 1 in Fighting
  3379 | D:4      | Found a staircase to the Ecumenical Temple.
  3832 | D:5      | Entered Level 5 of the Dungeon
  4006 | D:5      | Found an oddly glowing altar of Pakellas.
  4301 | D:5      | Reached * piety under Sif Muna
  4301 | D:5      | Reached XP level 8. HP: 50/50 MP: 5/14
  4536 | D:5      | Found a sacrificial altar of Ru.
  4729 | D:6      | Found a shimmering altar of Xom.
  4737 | D:6      | Reached skill level 5 in Dodging
  4770 | D:6      | Found a glowing drain.
  4785 | Sewer    | Entered a sewer
  4924 | Sewer    | Noticed Xelenos's ghost (amateur HuFi)
  4946 | Sewer    | Slain by a river rat

Skill      XL: |  1  2  3  4  5  6  7  8 |
---------------+-------------------------+-----
Stealth        | 3 |  3.0
Dodging        | 3 4 5 |  5.0
Spellcasting   | 3 4 |  4.7
Conjurations   | 1 2 3 |  3.8
Earth Magic    | 4 5 |  5.8
Fighting       | 2 |  2.3
Transmutations | |  1.0

Action                   |  1- 3 |  4- 6 |  7- 9 || total
-------------------------+-------+-------+-------++-------
Melee: Unarmed           |     7 |       |       ||     7
       Tentacles         |     5 |       |       ||     5
       Constrict         |     4 |     1 |       ||     5
       Dagger            |    11 |     3 |       ||    14
       Spear             |       |     2 |       ||     2
 Cast: Sandblast         |    27 |    58 |   106 ||   191
       Stone Arrow       |       |       |     2 ||     2
  Use: Potion            |       |     2 |     1 ||     3
       Scroll            |       |       |     9 ||     9
 Stab: Distracted        |     1 |       |       ||     1
  Eat: Chunk             |     1 |     5 |     5 ||    11
       Beef jerky        |       |       |     1 ||     1
Armor: Skin              |     1 |       |     4 ||     5
Dodge: Dodged            |    10 |    34 |    22 ||    66
